 Dungeon Crawl Stone Soup version 0.31-a0-986-g5e6e4ef867 (webtiles) character file.

Game seed: 11465056912630681543

10323 TrayleKats the Severer (level 11, -2/87 (102) HPs)
             Began as a Minotaur Fighter on Nov 9, 2023.
             Was an Initiate of Gozag.
             Killed from afar by Nergalle (26 damage)
             ... with a bolt of negative energy
             ... on level 1 of the Lair of Beasts.
             The game lasted 00:19:15 (11787 turns).

TrayleKats the Severer (Minotaur Fighter)          Turns: 11787, Time: 00:19:16

HP:   -2/87 (102)   AC: 16    Str: 26    XL:     11   Next: 34%
MP:   0/10          EV:  7    Int:  5    God:    Gozag
Gold: 1490          SH:  0    Dex: 10    Spells: 10/10 levels left

rFire   . . .        w - +8 quarterstaff of Precise Incision {venom, rElec Will++ rCorr Str-5}
rCold   . . .        (shield currently unavailable)
rNeg    . . .        L - +0 plate armour
rPois   .            (helmet restricted)
rElec   +            l - +0 cloak
rCorr   +            u - +1 pair of gloves
SInv    +            c - +0 pair of boots
Will    ++...        n - amulet of guardian spirit Stlth
                     k - ring of see invisible
HPRegen 0.34/turn    s - +6 ring of strength
MPRegen 0.12/turn

%: guardian spirit
@: heavily drained
A: horns 2, retaliatory headbutt
a: Renounce Religion, Potion Petition, Call Merchant, Bribe Branch


You were on level 1 of the Lair of Beasts.
You worshipped Gozag.
Gozag was most pleased with you.
You visited 3 branches of the dungeon, and saw 12 of its levels.

You collected 1807 gold pieces.
You paid 317 gold pieces to Gozag.

Inventory:

Hand Weapons
 m - a +0 battleaxe
 w - the +8 quarterstaff of Precise Incision (weapon) {venom, rElec Will++ rCorr Str-5}
   (You found it on level 6 of the Dungeon)

   Str-5:     It affects your strength (-5).
   rElec:     It insulates you from electricity.
   Will++:    It greatly increases your willpower.
   rCorr:     It protects you from acid and corrosion.
Missiles
 i - 10 boomerangs
 o - 18 poisoned darts (quivered)
 J - 4 curare-tipped darts
Armour
 c - a +0 pair of boots (worn)
 l - a +0 cloak (worn)
 u - a +1 pair of gloves (worn)
 z - a +2 kite shield
 L - a +0 plate armour (worn)
Jewellery
 a - a ring of protection from cold
 k - a ring of see invisible (left hand)
 n - an amulet of guardian spirit (around neck)
 s - a +6 ring of strength (right hand)
 B - a ring of willpower
 D - a +5 ring of evasion
 O - a ring of resist corrosion
 P - a ring of ice
 Q - a ring of poison resistance
Wands
 e - a wand of mindburst (8)
 f - a wand of flame (6)
 G - a wand of iceblast (7)
 H - a wand of acid (6)
Scrolls
 j - 2 scrolls of fear
 r - 2 scrolls of enchant weapon
 x - 2 scrolls of teleportation
 y - 2 scrolls of poison
 C - 3 scrolls of identify
 F - a scroll of fog
 K - 2 scrolls of vulnerability {unknown}
 N - a scroll of noise {unknown}
Potions
 b - 2 potions of resistance
 d - a potion of might
 h - a potion of invisibility
 p - 5 potions of mutation
 q - 2 potions of attraction
 t - 2 potions of curing {unknown}
 v - 3 potions of degeneration {unknown}
 A - 2 potions of lignification {unknown}
 E - a potion of brilliance {unknown}
 I - 2 potions of heal wounds {unknown}
 M - a potion of cancellation {unknown}


   Skills:
 + Level 11.3 Fighting
 * Level 15.2 Axes
 + Level 8.9 Throwing
 - Level 3.6 Armour
 - Level 3.6 Shields


You had 10 spell levels left.
You didn't know any spells.
Your spell library contained the following spells:

 Spells                   Type           Power      Damage    Failure   Level
 Ozocubu's Refrigeration  Ice            0%         4d7       100%        7
 Polar Vortex             Ice            0%         N/A       100%        9
 Simulacrum               Ice/Necr       Unusable   N/A       N/A         6

Dungeon Overview and Level Annotations

Branches:
Dungeon (10/15)            Temple (1/1) D:4            Lair (1/5) D:8
    Orc (0/2) D:10

Altars:
Ashenzari
Cheibriados
Dithmenos
Elyvilon
Fedhas
Gozag
Hepliaklqana
Kikubaaqudgha
Makhleb
Nemelex Xobeh
Okawaru
Qazlal
Ru
Sif Muna
Trog
Uskayaw
Vehumet
Wu Jian
Xom
Yredelemnul
Zin
The Shining One

Shops:
D:9 (

Annotations:
D:9 2 transporters, haloelite's ghost, novice MiFi
D:10 2 transporters
Lair:1 Nergalle


Innate Abilities, Weirdness & Mutations

You have a pair of horns on your head.
You reflexively headbutt those who attack you in melee.


Message History

You hit Nergalle.
Nergalle looks as sick as possible!
Nergalle is severely wounded.
You feel sick.
Nergalle hits you with a +2 dagger of venom.
The spectral orc knight hits you with a +1 long sword.
The spectral orc knight unwields a +0 arbalest.
The spectral orc knight hits you but does no damage.
The spectral orc warrior hits you with a +0 long sword.
You barely miss Nergalle.
Nergalle is severely wounded.
You feel sick.
The spectral orc knight hits you with a +1 long sword.
The spectral orc warrior hits you with a +0 long sword!
The spectral orc knight hits you but does no damage.
Nergalle closely misses you. You furiously retaliate!
You headbutt Nergalle. You hit Nergalle but do no damage.
Your headbutt misses Nergalle.
Nergalle is almost dead.
You feel sick.
The spectral orc knight hits you with a +1 long sword!
The spectral orc warrior hits you with a +0 long sword!
You feel drained.
The spectral orc knight hits you but does no damage.
Nergalle casts a spell at you. The bolt of negative energy hits you!
You feel drained.
The bolt of negative energy hits the spectral orc knight.
The spectral orc knight completely resists.
The spectral orc knight barely misses you.
You furiously retaliate!
You headbutt the spectral orc knight.
The spectral orc warrior hits you but does no damage.
The spectral orc knight hits you.
You feel drained.
You hit Nergalle.
Nergalle is almost dead.
You feel sick.
You are no longer poisoned.
The spectral orc knight hits you with a +1 long sword.
* * * LOW HITPOINT WARNING * * *
Nergalle gestures at you while chanting.
The bolt of negative energy hits you!!
You feel drained.
You die...
Your body crumbles into a pile of gold.

##.###.................# ...#
#..Z..................## ...
###.###>.................#
..####...###...........^......#
..........#..............###..###
.........................###...##
.............((...........##.....
...............o..........#......
................@................
...............ZZZ...............
..................<..............
................................♣
........###..#.#...............♣#
...###.......##................♣
..#.######.....................♣#
.#.## #......................♣
....# #...........###.........


You could see Nergalle (extremely poisoned, slow), a spectral orc warrior
(summoned) and 2 spectral orc knights.

Vanquished Creatures
  A deep elf pyromancer (D:10)
  A manticore (D:10)
  A cyclops (D:8)
  2 cane toads (Lair:1)
  A rime drake (Lair:1)
  An unseen horror (D:10)
  2 komodo dragons
  Psyche (D:9)
  Jeremiah (D:9)
  A troll (D:10)
  A wraith (D:10)
  2 wyverns (D:8)
  4 yaks
  4 basilisks
  2 steam dragons
  2 acid dragons
  5 water moccasins
  3 black bears
  5 orc warriors
  2 ice beasts (D:6)
  A sky beast (D:7)
  3 centaurs
  2 ogres
  6 wolves (Lair:1)
  A phantom (D:6)
  7 bullfrogs
  2 kobold brigands (D:10)
  2 gnoll sergeants
  2 scorpions
  6 killer bees
  3 howler monkeys
  2 hounds
  3 jellies
  6 orc priests
  A gnoll bouda (D:8)
  2 sleepcaps
  4 iguanas
  6 orc wizards
  7 hell rats (Lair:1)
  11 gnolls
  6 adders
  A white imp (D:5)
  3 worms
  2 dart slugs (D:1)
  39 orcs
  6 ball pythons
  7 endoplasms
  2 giant cockroaches
  2 goblins
  3 hobgoblins
  3 jackals
  2 quokkas
  8 bats
  A frilled lizard (D:1)
  8 kobolds
  A quokka skeleton (D:3)
  A quokka zombie (D:3)
  7 rats
221 creatures vanquished.

Notes
Turn   | Place    | Note
-------+----------+-------------------------------------------
     0 | D:1      | TrayleKats the Minotaur Fighter began the quest for the
                  | Orb.
     0 | D:1      | Reached XP level 1. HP: 19/19 MP: 0/0
   337 | D:1      | Reached skill level 3 in Axes
   365 | D:1      | Reached XP level 2. HP: 27/27 MP: 1/1
   963 | D:2      | Reached XP level 3. HP: 33/33 MP: 2/2
   973 | D:2      | Reached skill level 4 in Axes
  1225 | D:2      | Reached skill level 1 in Throwing
  1225 | D:2      | Reached XP level 4. HP: 40/41 MP: 3/3
  1312 | D:2      | Identified the +0 leather armour of the Undertaker {-Cast
                  | -Tele rElec rF+++}
  1506 | D:3      | Found a faded altar of an unknown god.
  1891 | D:4      | Noticed a scorpion
  1904 | D:3      | Killed a scorpion
  1905 | D:3      | Reached skill level 5 in Axes
  1905 | D:3      | Reached XP level 5. HP: 47/47 MP: 4/4
  1914 | D:4      | Reached skill level 5 in Fighting
  2147 | D:4      | Found a staircase to the Ecumenical Temple.
  2175 | Temple   | Entered the Ecumenical Temple
  2249 | Temple   | Became a worshipper of Gozag Ym Sagoz the Greedy
  2505 | D:4      | You fall into a shaft and drop 2 floors!
  2591 | D:5      | Entered Level 5 of the Dungeon
  2638 | D:5      | Reached XP level 6. HP: 56/56 MP: 5/5
  2666 | D:5      | Reached skill level 6 in Axes
  3884 | D:6      | Reached skill level 7 in Axes
  3884 | D:6      | Reached XP level 7. HP: 47/62 MP: 3/6
  3967 | D:6      | Identified the +8 quarterstaff of Precise Incision {venom,
                  | rElec Will++ rCorr Str-5}
  4317 | D:6      | Identified the +1 pair of boots "Caomeibo" {Int+3 Dex+2
                  | SInv}
  4530 | D:6      | Reached skill level 8 in Axes
  4670 | D:6      | Reached XP level 8. HP: 62/71 MP: 7/7
  5005 | D:7      | Reached skill level 9 in Axes
  5337 | D:7      | Found an iron altar of Okawaru.
  5361 | D:7      | Reached skill level 5 in Throwing
  5430 | D:7      | Identified the +8 mace "Qimmy" {freeze, *Rage rPois rF++
                  | Will-}
  5549 | D:7      | Reached skill level 10 in Axes
  5762 | D:8      | Reached XP level 9. HP: 68/81 MP: 6/8
  6159 | D:8      | Reached skill level 11 in Axes
  6493 | D:8      | Found a staircase to the Lair.
  6515 | D:8      | Reached skill level 12 in Axes
  6659 | D:8      | Found a blossoming altar of Fedhas.
  6659 | D:8      | Found a burning altar of Makhleb.
  6694 | D:8      | Noticed a cyclops
  6800 | D:8      | Found a radiant altar of Vehumet.
  6803 | D:8      | Found a hide-covered altar of Uskayaw.
  7091 | D:8      | Reached XP level 10. HP: 91/91 MP: 9/9
  7218 | D:8      | Killed a cyclops
  8052 | D:9      | Noticed a two-headed ogre
  8052 | D:9      | Noticed a two-headed ogre
  8052 | D:9      | Noticed haloelite's ghost (novice MiFi)
  8052 | D:9      | Identified the +9 great mace "Widuaquta" {holy, Fragile rC+
                  | rN+++ rCorr}
  8052 | D:9      | Identified the +0 dire flail "Jocsug" {venom, MP+9}
  8052 | D:9      | Noticed a two-headed ogre
  8053 | D:9      | Found a transporter.
  8053 | D:9      | Found a transporter.
  8055 | D:9      | Noticed a two-headed ogre
  8170 | D:9      | Noticed Jeremiah
  8188 | D:9      | Noticed Psyche
  8194 | D:9      | Killed Psyche
  8195 | D:9      | Killed Jeremiah
  8196 | D:9      | Reached skill level 13 in Axes
  8297 | D:9      | Found Puewaqe's Weapon Emporium.
  8304 | D:9      | Noticed a two-headed ogre
  8694 | D:10     | Entered Level 10 of the Dungeon
  8694 | D:10     | Found a bloodstained altar of Trog.
  8728 | D:10     | Found a transporter.
  8760 | D:10     | Reached skill level 10 in Fighting
  8846 | D:10     | Noticed an ogre mage
  8847 | D:10     | Noticed a stone giant
  8848 | D:10     | Found a transporter.
  8848 | D:10     | Noticed an orc high priest
  8849 | D:10     | Noticed a cyclops
  9057 | D:10     | Noticed a manticore
  9213 | D:10     | Killed a manticore
  9477 | D:10     | Noticed a deep elf pyromancer
  9481 | D:10     | Killed a deep elf pyromancer
  9502 | D:10     | Reached skill level 14 in Axes
 10096 | D:10     | Identified the +1 chain mail "Juat" {rC+ Regen+ rCorr}
 10208 | D:10     | Reached XP level 11. HP: 53/101 MP: 6/10
 10428 | D:10     | Found a staircase to the Orcish Mines.
 10631 | Lair:1   | Entered Level 1 of the Lair of Beasts
 11176 | Lair:1   | Reached skill level 15 in Axes
 11177 | Lair:1   | Found a shadowy altar of Dithmenos.
 11750 | Lair:1   | Noticed Nergalle
 11787 | Lair:1   | Killed from afar by Nergalle

Illustrated notes

Levels and vault maps discovered:
D:1:      erik_arrival_orb_chamber, layout_basic,
          hangedman_abyss_or_decor_lesser_grid, chequers_jeans
D:2:      layout_rooms
D:3:      layout_rooms, serial_undead, serial_undead_f, serial_undead_e,
          serial_undead_e, serial_undead_b, serial_undead_c, serial_undead_c,
          shapermc_ecumenical_altar_venn, minmay_circle_x
D:4:      layout_cave_pods, minmay_temple_entry_junction
D:5:      layout_rooms
D:6:      layout_loops_corners, hangedman_decor_riveting
D:7:      layout_rooms, mainiacjoe_overflow_six_doors_small
D:8:      layout_cave_pools, amethyst_overflow_temple_binary,
          jmf_multi_god_temple, minmay_lair_entry_grove
D:9:      layout_loops_cross, serial_shops, shop, gammafunk_ghost_smash,
          minmay_misc_feat_doors, uniq_psyche, uniq_jeremiah
D:10:     gammafunk_beogh_shrine, layout_small_grid,
          mainiacjoe_overflow_concentric_impassable,
          kennysheep_orc_monster_closet_entryway
Temple:   minmay_temple_bridge_d
Lair:1:   layout_hall_layers, basic_altar, nicolae_volcano_entry_s_turn,
          minmay_stone_trees_medium, serial_bayou_shore_b, uniq_nergalle

Skill      XL: |  1  2  3  4  5  6  7  8  9 10 11 |
---------------+----------------------------------+-----
Axes           | 3 4 5 7 8 10 12 14 15 | 15.2
Fighting       | 4 5 6 7 9 10 11 | 11.3
Throwing       | 1 2 3 4 5 7 8 |  8.9
Armour         | |  3.6
Shields        | |  3.6

Action                     |  1- 3 |  4- 6 |  7- 9 | 10-12 || total
---------------------------+-------+-------+-------+-------++-------
  Melee: War axe           |    72 |   118 |     9 |       ||   199
         Headbutt          |     8 |    27 |    29 |    29 ||    93
         Quarterstaff      |       |       |   161 |   167 ||   328
  Throw: Boomerang         |       |     3 |       |    40 ||    43
         Dart              |       |     2 |     3 |    52 ||    57
 Invoke: Potion Petition   |       |       |       |     1 ||     1
  Evoke: Wand              |       |     2 |       |    13 ||    15
    Use: Scroll            |       |    11 |       |     3 ||    14
         Potion            |       |       |       |     1 ||     1
 Armour: Scale mail        |     5 |       |       |       ||     5
         Chain mail        |    33 |    83 |   177 |    32 ||   325
         Plate armour      |       |       |       |   182 ||   182
  Dodge: Dodged            |    24 |    45 |    79 |    74 ||   222
  Block: Buckler           |    20 |    23 |     1 |       ||    44

Table legend: (Time is in decaauts)
 A = Elapsed time spent in this place.
 B = Non-inter-level travel time spent in this place.
 C = Inter-level travel time spent in this place.
 D = Time resting spent in this place.
 E = Time spent auto-exploring this place.
 F = Levels seen in this place.
 G = Mean time per level.
                   A        B        C        D        E       F      G
               +--------+--------+--------+--------+--------+-----+--------+
         Total |  11949 |  11388 |    561 |   2852 |   6396 |  12 |  995.8 |
       Dungeon |  10633 |  10213 |    420 |   2339 |   5984 |  10 | 1063.3 |
        Temple |    146 |      5 |    141 |      0 |      0 |   1 |  146.0 |
          Lair |   1169 |   1169 |      0 |    512 |    412 |   1 | 1169.0 |
               +--------+--------+--------+--------+--------+-----+--------+

Top non-repeatable levels by time:
     D:9: 1697 daAuts
     D:8: 1629 daAuts
    D:10: 1439 daAuts
     D:6: 1175 daAuts
  Lair:1: 1169 daAuts
     D:4: 1147 daAuts
     D:7: 999 daAuts
     D:1: 968 daAuts
     D:5: 620 daAuts
     D:2: 520 daAuts
     D:3: 435 daAuts
  Temple: 146 daAuts
